[Event "FIDE World Cadets GU12 2022"]
[Site "Batumi"]
[Date "2022.09.19"]
[Round "4.1"]
[White "Kaliakhmet, Elnaz"]
[Black "Aydogan, Arya"]
[Result "1/2-1/2"]
[ECO "D31"]
[WhiteElo "1864"]
[BlackElo "1489"]
[Annotator "NA COMBH"]
[PlyCount "118"]
[EventDate "2022.09.16"]
[EventType "swiss"]
[EventCountry "GEO"]
[SourceTitle "playchess.com"]
[Source "ChessBase"]
[SourceQuality "1"]
[TimeControl "5400+30"]

1. d4 d5 2. c4 e6 3. Nf3 a6 4. cxd5 exd5 5. Nc3 c6 6. e4 dxe4 7. Ng5 h6 8. Ngxe4 Be6 9. Be2 Be7 10. O-O Nf6 11. Bf3 Nbd7 12. Bf4 O-O 13. Qd2 Nxe4 14. Bxe4 Nf6 15. Bc2 c5 16. Ne2 Bc4 17. Rfd1 Bxe2 18. Qxe2 cxd4 19. Be5 Rc8 20. Bxd4 Qc7 21. Rac1 Kh8 22. h3 Rfe8 23. Qf3 Qc6 24. Qf4 Qb5 25. Bc3 Red8 26. Re1 Bd6 27. Qf3 Qd5 28. Be4 Nxe4 29. Rxe4 Bf8 30. Qe2 b5 31. a3 Qd3 32. Qe1 f6 33. Re3 Qd5 34. Re6 Rd6 35. Re8 Rxe8 36. Qxe8 Rd8 37. Qe3 Bc5 38. Qf4 Bd6 39. Qg4 Be5 40. Bxe5 Qxe5 41. Qb4 Qd4 42. Qb3 Qd5 43. Qc3 Qd2 44. Qc7 Rd7 45. Qc8+ Rd8 46. Qc7 Rd7 47. Qc6 Rd6 48. Qe8+ Kh7 49. Qe4+ Kh8 50. Qe8+ Kh7 51. Rc8 Qf4 52. Qg8+ Kg6 53. Qe8+ Kh7 54. Qh8+ Kg6 55. Qe8+ Kh7 56. Qg8+ Kg6 57. Qe8+ Kh7 58. Qh8+ Kg6 59. Qe8+ Kh7 1/2-1/2

[Event "FIDE World Cadets GU12 2022"]
[Site "Batumi"]
[Date "2022.09.19"]
[Round "4.2"]
[White "Mgeladze, Kesaria"]
[Black "Belaya, Liliya"]
[Result "1-0"]
[ECO "C45"]
[WhiteElo "1771"]
[BlackElo "1266"]
[Annotator "NA COMBH"]
[PlyCount "73"]
[EventDate "2022.09.16"]
[EventType "swiss"]
[EventCountry "GEO"]
[SourceTitle "playchess.com"]
[Source "ChessBase"]
[SourceQuality "1"]
[TimeControl "5400+30"]

1. e4 e5 2. Nf3 Nc6 3. d4 exd4 4. Nxd4 Bc5 5. Nb3 Bb6 6. Qe2 d6 7. Be3 Bxe3 8. Qxe3 Nf6 9. Nc3 O-O 10. O-O-O Re8 11. f3 Ne5 12. h3 c6 13. Qd2 b5 14. Qxd6 Qb6 15. Qc5 Qb7 16. Be2 a5 17. a4 Ned7 18. Qf2 bxa4 19. Nxa4 Qb4 20. Rd4 Qb7 21. g4 Nb6 22. Nbc5 Qc7 23. Qh2 Qa7 24. Rhd1 Nxa4 25. Nxa4 Bd7 26. g5 c5 27. Nxc5 Qxc5 28. gxf6 Rec8 29. Bc4 Be8 30. Qg3 g6 31. Qh4 h5 32. Rg1 Bb5 33. Rxg6+ Kf8 34. Rg8+ Kxg8 35. Qg3+ Kf8 36. Qg7+ Ke8 37. Qxf7# 1-0

[Event "FIDE World Cadets GU12 2022"]
[Site "Batumi"]
[Date "2022.09.19"]
[Round "4.3"]
[White "Shubhi Gupta"]
[Black "Yousefian, Maedeh"]
[Result "1-0"]
[ECO "C14"]
[WhiteElo "1733"]
[BlackElo "1765"]
[Annotator "NA COMBH"]
[PlyCount "77"]
[EventDate "2022.09.16"]
[EventType "swiss"]
[EventCountry "GEO"]
[SourceTitle "playchess.com"]
[Source "ChessBase"]
[SourceQuality "1"]
[TimeControl "5400+30"]

1. d4 Nf6 2. Nf3 e6 3. Bg5 d5 4. Nc3 Be7 5. Bxf6 Bxf6 6. e4 O-O 7. Qd2 c6 8. e5 Be7 9. Ne2 c5 10. c3 Nd7 11. g3 a6 12. h4 b5 13. Nf4 Qb6 14. Bd3 Re8 15. Qe2 Nf8 16. Ng5 g6 17. Qg4 Bxg5 18. Qxg5 Qd8 19. Qh6 f5 20. g4 Ra7 21. Rg1 cxd4 22. cxd4 Rg7 23. gxf5 exf5 24. Nh5 Rf7 25. O-O-O Kh8 26. Nf6 Ree7 27. h5 Rg7 28. hxg6 Nxg6 29. Rh1 Nf8 30. Rdg1 Qc7+ 31. Kb1 Rxg1+ 32. Rxg1 Rg7 33. Rc1 Qd8 34. Qh5 Be6 35. Bxf5 Bg8 36. Rc8 Qe7 37. Qe8 Qxe8 38. Rxe8 Rf7 39. Be6 1-0

[Event "FIDE World Cadets GU12 2022"]
[Site "Batumi"]
[Date "2022.09.19"]
[Round "4.4"]
[White "Merkulova, Victoria"]
[Black "Huseynova, Lala"]
[Result "1-0"]
[ECO "B86"]
[WhiteElo "1715"]
[BlackElo "1702"]
[Annotator "NA COMBH"]
[PlyCount "92"]
[EventDate "2022.09.16"]
[EventType "swiss"]
[EventCountry "GEO"]
[SourceTitle "playchess.com"]
[Source "ChessBase"]
[SourceQuality "1"]
[TimeControl "5400+30"]

1. e4 c5 2. Nf3 d6 3. d4 cxd4 4. Nxd4 Nf6 5. Nc3 a6 6. Bc4 e6 7. Bb3 Be7 8. O-O Qc7 9. Qf3 O-O 10. Qg3 Kh8 11. f4 b5 12. e5 dxe5 13. fxe5 Bc5 14. Be3 Nfd7 15. Ne4 Bxd4 16. Bxd4 Nc6 17. c3 Ndxe5 18. Rae1 f6 19. Nc5 Qe7 20. Qh4 Bd7 21. Bc2 g6 22. Ne4 Be8 23. Bc5 Qg7 24. Bxf8 Qxf8 25. Nxf6 Qe7 26. Qh6 Bd7 27. Nxd7 Nxd7 28. Bxg6 Nde5 29. Be4 Ng4 30. Qf4 Qc5+ 31. Kh1 Rg8 32. Bxc6 Qxc6 33. Qe4 Qc7 34. Rf4 Qg7 35. h3 Nf6 36. Qf3 Nd5 37. Rg4 Qh6 38. Rxg8+ Kxg8 39. Qg4+ Kf7 40. Rf1+ Ke7 41. Qg8 Qh5 42. Qf8+ Kd7 43. Rf7+ Kc6 44. Qe8+ Kb6 45. Qxe6+ Kc5 46. Rc7+ Nxc7 1-0

[Event "FIDE World Cadets GU12 2022"]
[Site "Batumi"]
[Date "2022.09.19"]
[Round "4.5"]
[White "Abramkina, Veranika"]
[Black "Maklakova, Naomi"]
[Result "0-1"]
[ECO "D36"]
[WhiteElo "1445"]
[BlackElo "1635"]
[Annotator "NA COMBH"]
[PlyCount "172"]
[EventDate "2022.09.16"]
[EventType "swiss"]
[EventCountry "GEO"]
[SourceTitle "playchess.com"]
[Source "ChessBase"]
[SourceQuality "1"]
[TimeControl "5400+30"]

1. d4 d5 2. c4 e6 3. Nc3 c6 4. cxd5 exd5 5. Qc2 Nf6 6. Bg5 Be7 7. e3 a5 8. Bd3 Na6 9. a3 Nc7 10. Nf3 Ne6 11. Bh4 h5 12. Rb1 Nd7 13. Bxe7 Qxe7 14. b4 Nf4 15. O-O Nxd3 16. Qxd3 Nf6 17. Ne5 O-O 18. b5 Qxa3 19. Nxd5 Qxd3 20. Ne7+ Kh7 21. Nxd3 a4 22. bxc6 bxc6 23. Nxc6 Ba6 24. Rfd1 Ne4 25. Rbc1 a3 26. Nc5 Nxc5 27. Rxc5 Be2 28. Ra1 Ra4 29. d5 a2 30. d6 Bg4 31. f3 Bd7 32. Rxh5+ Kg6 33. Rc5 Kf6 34. e4 Ke6 35. Ne5 Rb8 36. Nd3 Ra3 37. Nf4+ Kxd6 38. Rd5+ Ke7 39. Rdd1 Rb2 40. Nd3 Rb8 41. Nc5 Bb5 42. Kf2 Rc8 43. Rdc1 Rc6 44. e5 Ba4 45. Kg3 Bb5 46. Rc2 Bd3 47. Rcc1 Bb1 48. Kf2 Ra8 49. Nb3 Rb6 50. Nd4 Ra4 51. Ne2 Rb2 52. Kf1 Ke6 53. Nc3 Rc4 54. Kg1 Rd2 55. h3 Rd3 56. Nxa2 Bxa2 57. Rxc4 Bxc4 58. Ra4 Rc3 59. Ra5 Re3 60. Rc5 Bb3 61. Rb5 Bd5 62. Kf2 Rxe5 63. Rb2 Kf5 64. Rc2 Bb3 65. Rb2 Rb5 66. Rd2 Rc5 67. g4+ Kf4 68. Rd4+ Ke5 69. Rd3 Bd5 70. Kg3 Rb5 71. Re3+ Kd4 72. Re1 Rb3 73. Rd1+ Rd3 74. Rf1 Ke3 75. Ra1 Bxf3 76. Ra7 Bd5 77. Re7+ Kd4+ 78. Kh2 Be6 79. Ra7 Ke4 80. Ra1 Kf4 81. Rf1+ Kg5 82. Rf2 Kh4 83. Kg2 Rxh3 84. Rb2 Rg3+ 85. Kh2 Rxg4 86. Rb5 Ra4 0-1

[Event "FIDE World Cadets GU12 2022"]
[Site "Batumi"]
[Date "2022.09.19"]
[Round "4.6"]
[White "Altynbek, Aiaru"]
[Black "Gan, Emily Cathay"]
[Result "1-0"]
[ECO "E83"]
[WhiteElo "1373"]
[BlackElo "1550"]
[Annotator "NA COMBH"]
[PlyCount "79"]
[EventDate "2022.09.16"]
[EventType "swiss"]
[EventCountry "GEO"]
[SourceTitle "playchess.com"]
[Source "ChessBase"]
[SourceQuality "1"]
[TimeControl "5400+30"]

1. d4 Nf6 2. c4 g6 3. Nc3 Bg7 4. e4 d6 5. f3 O-O 6. Be3 Nc6 7. Nge2 Ne8 8. g4 e6 9. Qd2 Qh4+ 10. Ng3 Qe7 11. O-O-O b6 12. h4 Qd7 13. h5 e5 14. d5 Nd4 15. Bg2 c5 16. dxc6 Qxc6 17. Nd5 Qxc4+ 18. Kb1 f6 19. Bf1 Qa4 20. b3 Qd7 21. Bxd4 exd4 22. Bc4 Rf7 23. hxg6 hxg6 24. Nf4 b5 25. Bxf7+ Qxf7 26. Qh2 Kf8 27. Qh7 Ke7 28. Nxg6+ Kd8 29. Rxd4 Be6 30. Rd3 f5 31. gxf5 Bc4 32. Re3 Rc8 33. e5 dxe5 34. Rd1+ Kc7 35. Nxe5 Qf8 36. Nh5 Kb7 37. Nxg7 Nxg7 38. bxc4 bxc4 39. Qxg7+ Qxg7 40. Rd7+ 1-0

[Event "FIDE World Cadets GU12 2022"]
[Site "Batumi"]
[Date "2022.09.19"]
[Round "4.8"]
[White "Semenova, Vasilisa"]
[Black "Ismayilova, Khanim"]
[Result "0-1"]
[ECO "D36"]
[WhiteElo "1332"]
[BlackElo "1901"]
[Annotator "TA"]
[PlyCount "130"]
[EventDate "2022.09.16"]
[EventType "swiss"]
[EventCountry "GEO"]
[SourceTitle "playchess.com"]
[Source "ChessBase"]
[SourceQuality "1"]
[TimeControl "5400+30"]

1. d4 d5 2. c4 e6 3. Nc3 Nf6 4. cxd5 exd5 5. Bg5 Be7 6. e3 c6 7. Bd3 O-O 8. Nge2 Nbd7 9. O-O Re8 10. Qc2 Nf8 11. f3 g6 $1 {[%emt 0:02:30][%mdl 4] is more profitable than 11...Be6 at the moment.} 12. h3 {[%emt 0:01:30] D36: Queen's Gambit Declined: Exchange Variation: Main line (5 Bg5 c6 6 Qc2).} Nh5 (12... Ne6 $5 13. Bh6 Bd6 $11) 13. Bxe7 {[%emt 0:00:30] [#]} Rxe7 $146 ({Predecessor:} 13... Qxe7 14. e4 Ne6 15. exd5 Nef4 16. Nxf4 Nxf4 17. Rae1 Qxe1 18. Rxe1 Rxe1+ 19. Kf2 Rc1 {1-0 (29) De Santis,A (2278)-Margraf,C (1965) Bad Woerishofen 2009}) 14. e4 {[%emt 0:00:30] The position is equal.} Ne6 15. e5 b5 16. Qd2 {[%emt 0:14:30] Black must now prevent f4.} Qb6 17. Qe3 {[%emt 0:00:30] And now g4 would win.} f5 18. f4 Nhg7 {[%emt 0:03:30] [#]} (18... Rf7 $14) 19. g4 (19. Bxb5 $1 $16 {[%cal Oa1b1][%mdl 512] Strongly threatening Rab1!} Bb7 (19... Rf7 20. Ba4) 20. Ba4) 19... Nc7 20. gxf5 (20. Qf3 $142) 20... Bxf5 $11 21. Rad1 (21. a4 $11 {remains equal.}) 21... Rf8 {[%emt 0:02:30] Black continues to play with concentration.} 22. Kh2 Bxd3 23. Rxd3 Nce6 24. Ng3 {[%emt 0:00:30][%cal Of4f5] [#]} Ref7 $1 {[%emt 0:01:30] Inhibits f5.} 25. Nce2 {[%emt 0:00:30] [#]} g5 $1 {[%emt 0:03:30][%cal Rg5f4] Black is more active.} 26. f5 Nxf5 27. Nxf5 Rxf5 28. Rxf5 Rxf5 29. Ng3 (29. Rc3 $17) 29... Rf4 $19 30. Ne2 Rf8 31. Qg1 (31. Ng3 $17) 31... Qc7 32. Qg4 Qf7 33. Rg3 $2 (33. Rc3) 33... h5 34. Qh4 Qf2+ 35. Kh1 Qf7 $2 (35... Qxe2 $19 36. Rxg5+ Kf7 37. Rf5+ Ke8 38. Rxf8+ Nxf8) 36. Rxg5+ $2 (36. Kh2 $1 $11 {and White stays safe.}) 36... Nxg5 37. Qxg5+ Qg7 38. Qxg7+ Kxg7 {[%emt 0:00:30][%mdl 4096] Endgame KR-KN} 39. Kg2 {[%emt 0:00:00] Prevents Rf2+.} h4 40. Nc1 Rf5 41. Ne2 Kf7 42. Ng1 c5 43. Nf3 c4 {[%emt 0:02:34] Hoping for ...b4.} 44. a3 Rf4 45. Kf2 a5 46. Ke2 b4 {[%emt 0:00:09][%cal Of4f3] ( -> ...Rxf3!)} 47. axb4 axb4 {[%emt 0:00:30] Black mates.} 48. Ng5+ Ke7 49. Ke3 Rf1 50. Kd2 Rf2+ 51. Kc1 Rf4 52. Kc2 Rxd4 53. Nf3 Rf4 54. Nd2 Rf2 55. Kc1 {[%emt 0:00:33] [#]} Rxd2 $1 56. Kxd2 {[%emt 0:00:30] KP-KP} Ke6 57. Ke3 Kxe5 58. Kf3 c3 59. bxc3 {[%emt 0:00:30] K3P-KPP} b3 60. c4 b2 61. cxd5 b1=Q 62. Kg2 Kf4 63. Kh2 Kf3 64. d6 Qf1 65. d7 Qg2# {[%emt 0:00:24] Weighted Error Value: White=0.67/Black=0.24 (precise)} 0-1

[Event "FIDE World Cadets GU12 2022"]
[Site "Batumi"]
[Date "2022.09.19"]
[Round "4.9"]
[White "Preobrazhenskaya, Diana"]
[Black "Hariharan, Shambavi"]
[Result "1-0"]
[ECO "B14"]
[WhiteElo "1994"]
[BlackElo "1465"]
[Annotator "NA RC"]
[PlyCount "97"]
[EventDate "2022.09.16"]
[EventType "swiss"]
[EventCountry "GEO"]
[SourceTitle "playchess.com"]
[Source "ChessBase"]
[SourceQuality "1"]
[TimeControl "5400+30"]

1. e4 c6 2. Nf3 d5 3. exd5 cxd5 4. d4 Nc6 5. c4 e6 6. Nc3 Nf6 7. c5 g6 8. Bb5 Bd7 9. Bf4 Nh5 10. Bg5 Be7 11. Bh6 Bf8 12. Bxf8 Kxf8 13. O-O Kg7 14. Qd2 Nf6 15. Bxc6 Bxc6 16. b4 a6 17. Ne5 Nd7 18. f4 h5 19. a4 Nf6 20. b5 Bd7 21. Qd3 Qc7 22. Qf3 Rhd8 23. h4 Be8 24. Rfe1 a5 25. b6 Qc8 26. Qd3 Rb8 27. Nb5 Ra8 28. Nd6 Qb8 29. f5 exf5 30. Nxf5+ Kh7 31. Nd6 Kg7 32. Rf1 Rxd6 33. cxd6 Qxd6 34. Qb3 Ne4 35. Rf4 f6 36. Nd3 Rc8 37. Qa3 Qe6 38. Rc1 Rxc1+ 39. Qxc1 Ng3 40. Kh2 Ne2 41. Qc7+ Kh6 42. Rf3 Nxd4 43. Qf4+ Kh7 44. Qxd4 Qd6+ 45. Qf4 Qe6 46. Qxf6 Qc8 47. Qe7+ Kh6 48. Qf8+ Kh7 49. Rf7+ 1-0

[Event "FIDE World Cadets GU12 2022"]
[Site "Batumi"]
[Date "2022.09.19"]
[Round "4.10"]
[White "Vlasova, Mariya N"]
[Black "Aravindakshan, Sahana"]
[Result "0-1"]
[ECO "C47"]
[WhiteElo "1456"]
[BlackElo "1776"]
[Annotator "NA COMBH"]
[PlyCount "64"]
[EventDate "2022.09.16"]
[EventType "swiss"]
[EventCountry "GEO"]
[SourceTitle "playchess.com"]
[Source "ChessBase"]
[SourceQuality "1"]
[TimeControl "5400+30"]

1. e4 e5 2. Nf3 Nc6 3. Nc3 Nf6 4. d4 exd4 5. Nxd4 Bb4 6. Bg5 h6 7. Nxc6 Bxc3+ 8. bxc3 bxc6 9. Bxf6 Qxf6 10. Qd4 Qg6 11. f4 O-O 12. Bd3 d6 13. f5 Qg5 14. O-O c5 15. Qa4 Rd8 16. Qc6 Bd7 17. Qxc7 Qf6 18. Qa5 Bc6 19. Rae1 Re8 20. Qa6 Rac8 21. Qc4 Re5 22. Qa6 Rc7 23. Qa5 Rce7 24. Rb1 Re8 25. Qxa7 Bxe4 26. Rb8 Bd5 27. c4 Bc6 28. Rxe8+ Rxe8 29. Qc7 Ba8 30. Rb1 Qd4+ 31. Kh1 Qf2 32. Bf1 Bxg2+ 0-1

[Event "FIDE World Cadets GU12 2022"]
[Site "Batumi"]
[Date "2022.09.19"]
[Round "4.11"]
[White "Goriachkina, Oksana"]
[Black "Sezdbekova, Aizhan"]
[Result "1-0"]
[ECO "E18"]
[WhiteElo "1748"]
[BlackElo "1447"]
[Annotator "NA COMBH"]
[PlyCount "103"]
[EventDate "2022.09.16"]
[EventType "swiss"]
[EventCountry "GEO"]
[SourceTitle "playchess.com"]
[Source "ChessBase"]
[SourceQuality "1"]
[TimeControl "5400+30"]

1. d4 Nf6 2. c4 e6 3. g3 Be7 4. Bg2 d5 5. Nf3 O-O 6. O-O b6 7. cxd5 exd5 8. Nc3 Bb7 9. Bf4 Ne4 10. Qc2 Nxc3 11. Qxc3 Bd6 12. Rac1 Bxf4 13. gxf4 c6 14. e3 Nd7 15. Ne5 Rc8 16. Kh1 Nxe5 17. fxe5 Ba6 18. Rg1 Be2 19. Qe1 Bh5 20. f4 Qd7 21. Qg3 Qg4 22. Qxg4 Bxg4 23. Rc3 Bd7 24. Rgc1 Rfd8 25. Bf3 h6 26. Kg2 Kf8 27. Kg3 Ke7 28. Bg4 g6 29. Kf3 Rc7 30. Bxd7 Kxd7 31. e4 Rdc8 32. f5 gxf5 33. exd5 cxd5 34. Rxc7+ Rxc7 35. Rxc7+ Kxc7 36. Kf4 Kd7 37. Kxf5 Ke7 38. h3 a5 39. a4 h5 40. Kg5 Ke6 41. h4 Ke7 42. Kxh5 f6 43. exf6+ Kxf6 44. Kg4 Kg6 45. Kf4 Kf6 46. h5 Ke6 47. h6 Kf6 48. h7 Kg7 49. Ke5 Kxh7 50. Kxd5 Kg7 51. Kc6 Kf8 52. Kc7 1-0

[Event "FIDE World Cadets GU12 2022"]
[Site "Batumi"]
[Date "2022.09.19"]
[Round "4.12"]
[White "Vizcarra Quispe, Ramalia Bellaluz"]
[Black "Garcia Rodriguez, Laia"]
[Result "1/2-1/2"]
[ECO "A26"]
[WhiteElo "1429"]
[BlackElo "1742"]
[Annotator "NA COMBH"]
[PlyCount "90"]
[EventDate "2022.09.16"]
[EventType "swiss"]
[EventCountry "GEO"]
[SourceTitle "playchess.com"]
[Source "ChessBase"]
[SourceQuality "1"]
[TimeControl "5400+30"]

1. c4 e5 2. d3 Nc6 3. Nc3 g6 4. g3 Bg7 5. Bg2 d6 6. Nf3 Nge7 7. O-O O-O 8. e3 f5 9. d4 e4 10. Ne1 d5 11. b3 Be6 12. c5 h6 13. Rb1 a5 14. Nc2 b6 15. Ba3 Rb8 16. b4 axb4 17. Nxb4 Na5 18. Nc2 Nc4 19. cxb6 Rxb6 20. Na4 Rxb1 21. Qxb1 Nxa3 22. Nxa3 Qd6 23. Nc5 Bd7 24. Nb5 Bxb5 25. Qxb5 c6 26. Qa6 Rb8 27. a4 Qd8 28. Ra1 Ra8 29. Qe2 Qa5 30. Qe1 Qxe1+ 31. Rxe1 Bf8 32. Ra1 Nc8 33. a5 Bxc5 34. dxc5 Na7 35. Bf1 Rb8 36. Ra2 Kf7 37. Be2 Ke6 38. Kf1 Ke5 39. Ra4 Rb2 40. Ke1 Rb3 41. Kd2 Rb2+ 42. Kd1 h5 43. a6 Ke6 44. Rd4 Ke5 45. h4 Nc8 1/2-1/2

[Event "FIDE World Cadets GU12 2022"]
[Site "Batumi"]
[Date "2022.09.19"]
[Round "4.13"]
[White "Negre, Emilie"]
[Black "Kholyavko, Mariya"]
[Result "0-1"]
[ECO "A29"]
[WhiteElo "1722"]
[BlackElo "1421"]
[Annotator "NA COMBH"]
[PlyCount "70"]
[EventDate "2022.09.16"]
[EventType "swiss"]
[EventCountry "GEO"]
[SourceTitle "playchess.com"]
[Source "ChessBase"]
[SourceQuality "1"]
[TimeControl "5400+30"]

1. c4 e5 2. g3 Nf6 3. Nc3 d5 4. cxd5 Nxd5 5. Bg2 Nb6 6. Nf3 Nc6 7. O-O Be7 8. a3 Be6 9. b4 a6 10. d3 O-O 11. Bb2 f6 12. Rc1 Qd7 13. Ne4 Bf7 14. Nc5 Bxc5 15. bxc5 Nd5 16. d4 e4 17. Nd2 f5 18. e3 Rab8 19. Qa4 Qe6 20. Rfe1 Bh5 21. Qc4 Kh8 22. f3 Bg6 23. g4 exf3 24. Bxf3 Nce7 25. gxf5 Qxf5 26. Kh1 Qg5 27. Qe2 b5 28. Ne4 Bxe4 29. Bxe4 Qh4 30. Bf3 Nf5 31. Qd3 Ng3+ 32. Kg2 Rxf3 33. Kxf3 Qxh2 34. Rg1 Rf8+ 35. Kg4 Qh5+ 0-1

[Event "FIDE World Cadets GU12 2022"]
[Site "Batumi"]
[Date "2022.09.19"]
[Round "4.14"]
[White "Kim, Sarang"]
[Black "Alfano, Emilie"]
[Result "0-1"]
[ECO "C68"]
[WhiteElo "1402"]
[BlackElo "1712"]
[Annotator "NA RC COMBH"]
[PlyCount "176"]
[EventDate "2022.09.16"]
[EventType "swiss"]
[EventCountry "GEO"]
[SourceTitle "playchess.com"]
[Source "ChessBase"]
[SourceQuality "1"]
[TimeControl "5400+30"]

1. e4 e5 2. Nf3 Nc6 3. Bb5 a6 4. Bxc6 dxc6 5. h3 Ne7 6. d3 f6 7. Be3 Ng6 8. Nbd2 Be6 9. d4 Bd6 10. c4 exd4 11. Nxd4 Bd7 12. O-O c5 13. Nf5 Bxf5 14. exf5 Ne5 15. f4 Nf7 16. Qf3 Rb8 17. Rad1 O-O 18. Ne4 b6 19. Nxd6 Nxd6 20. g4 Qe7 21. b3 Rbe8 22. Rfe1 Qf7 23. Rd3 h5 24. Bf2 g6 25. fxg6 Qxg6 26. Qd5+ Kg7 27. Rg3 Rxe1+ 28. Bxe1 Qb1 29. gxh5+ Kh8 30. Qe6 Ne4 31. Re3 Rg8+ 32. Kf1 Ng3+ 33. Kf2 Qc2+ 34. Kf3 Nf5 35. Qxf6+ Rg7 36. Qd8+ Kh7 37. Qd2 Nxe3 38. Kxe3 Re7+ 39. Kf2 Qxd2+ 40. Bxd2 Kh6 41. Bc3 Kxh5 42. Bf6 Rd7 43. Ke2 Kg6 44. Bg5 c6 45. h4 b5 46. Kf3 bxc4 47. bxc4 Rd4 48. Kg4 Rxc4 49. h5+ Kg7 50. Kf5 Rc1 51. h6+ Kf7 52. Bf6 Rh1 53. Kg5 c4 54. Be5 Rh3 55. f5 c3 56. f6 c2 57. Bf4 Rh1 58. Kf5 c1=Q 59. Bxc1 Rxc1 60. Kg5 Rg1+ 61. Kf5 c5 62. Ke5 c4 63. h7 Rh1 64. Kd4 Rh4+ 65. Kc3 Kxf6 66. h8=Q+ Rxh8 67. Kxc4 Rb8 68. Kc5 Ke5 69. a4 Ke4 70. a5 Rb5+ 71. Kc4 Rxa5 72. Kb4 Ra1 73. Kb3 Kd4 74. Kb2 Ra5 75. Kb3 Kc5 76. Kb2 Kb4 77. Kc2 Ra2+ 78. Kd3 Rb2 79. Kd4 a5 80. Kd3 a4 81. Kd4 a3 82. Kd3 a2 83. Ke3 a1=Q 84. Kd3 Qd1+ 85. Ke4 Re2+ 86. Kf4 Qf1+ 87. Kg4 Rg2+ 88. Kh4 Qh1# 0-1

[Event "FIDE World Cadets GU12 2022"]
[Site "Batumi"]
[Date "2022.09.19"]
[Round "4.15"]
[White "Urangoo, Gurvanbaatar"]
[Black "Misheel, Bold"]
[Result "1-0"]
[ECO "B19"]
[WhiteElo "1391"]
[BlackElo "1593"]
[Annotator "NA COMBH"]
[PlyCount "167"]
[EventDate "2022.09.16"]
[EventType "swiss"]
[EventCountry "GEO"]
[SourceTitle "playchess.com"]
[Source "ChessBase"]
[SourceQuality "1"]
[TimeControl "5400+30"]

1. e4 c6 2. d4 d5 3. Nc3 dxe4 4. Nxe4 Bf5 5. Ng3 Bg6 6. Nf3 e6 7. h4 h6 8. h5 Bh7 9. Bd3 Bxd3 10. Qxd3 Nf6 11. Bd2 Bd6 12. Ne4 Nxe4 13. Qxe4 Nd7 14. Qg4 Qf6 15. O-O-O O-O-O 16. Kb1 Nb6 17. Rhe1 Rhg8 18. Nh4 Be7 19. Nf3 Rd5 20. Bf4 Qf5 21. Qg3 Nd7 22. a3 Ra5 23. Rd3 Qxh5 24. Ne5 Nxe5 25. Bxe5 Qg5 26. Qh2 Qh4 27. Qxh4 Bxh4 28. Rf3 f6 29. Bh2 Kd7 30. Re4 Bg5 31. Rb3 b6 32. Re1 f5 33. c4 Re8 34. Be5 Rg8 35. Rh3 Be7 36. b4 Ra6 37. Kb2 Bd6 38. Rd3 g5 39. Rh1 Bf8 40. Kb3 Rg6 41. Re3 b5 42. c5 Ra4 43. Ree1 Ra6 44. Ra1 Ra4 45. Rh5 Kc8 46. Rh3 Kd7 47. Re3 Be7 48. Re2 Bf8 49. Rae1 Be7 50. Bb8 Ra6 51. Ra2 Ra4 52. Be5 Bf8 53. Rae2 Ra6 54. a4 bxa4+ 55. Ka3 Be7 56. Rb2 Bf6 57. Bxf6 Rxf6 58. Rbe2 Rg6 59. Rh1 Ke7 60. d5 Kd7 61. dxe6+ Rxe6 62. Rxe6 Kxe6 63. Rxh6+ Kd5 64. Rh5 Ke6 65. Rxg5 Kf6 66. f4 Ke6 67. Rh5 Kf6 68. Rh6+ Kg7 69. Rd6 Kf7 70. Rh6 Kg7 71. Rd6 Kf7 72. Rd1 Ke6 73. Rd2 Ke7 74. Rd3 Ke6 75. Rd8 Ke7 76. Rd6 Kf7 77. Rh6 Kg7 78. Re6 Kf7 79. Rd6 Ke7 80. Rh6 Kf7 81. b5 Ra5 82. b6 Rxc5 83. bxa7 Ra5 84. Rh8 1-0

[Event "FIDE World Cadets GU12 2022"]
[Site "Batumi"]
[Date "2022.09.19"]
[Round "4.16"]
[White "Zarkym, Ailin"]
[Black "Shreya G Hipparagi"]
[Result "0-1"]
[ECO "C26"]
[WhiteElo "1376"]
[BlackElo "1574"]
[Annotator "NA RC COMBH"]
[PlyCount "100"]
[EventDate "2022.09.16"]
[EventType "swiss"]
[EventCountry "GEO"]
[SourceTitle "playchess.com"]
[Source "ChessBase"]
[SourceQuality "1"]
[TimeControl "5400+30"]

1. e4 e5 2. Nc3 Nc6 3. g3 Bc5 4. Bg2 Nf6 5. Nge2 O-O 6. O-O d6 7. d3 Be6 8. Nd5 Bxd5 9. exd5 Nd4 10. Nxd4 Bxd4 11. c3 Bb6 12. h3 Nd7 13. a4 a5 14. Kh2 f5 15. f4 Qe7 16. Qc2 Rae8 17. fxe5 dxe5 18. b3 e4 19. dxe4 fxe4 20. Bf4 g5 21. Bxg5 Qxg5 22. Bxe4 Nf6 23. Rf5 Qg7 24. Bf3 Nd7 25. Bh5 Rxf5 26. Qxf5 Re5 27. Qf3 Nf6 28. Bg4 Nxg4+ 29. hxg4 Re3 30. Qf4 Qe5 31. Qxe5 Rxe5 32. c4 Re3 33. Rb1 Bc5 34. Kg2 Bd6 35. Kf2 Rc3 36. Rb2 Kf7 37. Ke1 Rxg3 38. Kd1 Rxg4 39. Rf2+ Kg6 40. Re2 h5 41. Re8 Kf5 42. Rh8 h4 43. Ke2 Rg2+ 44. Kf1 Rh2 45. Kg1 Kg4 46. c5 Bg3 47. Rg8+ Kh3 48. Rf8 Rd2 49. c6 bxc6 50. dxc6 Rc2 0-1

[Event "FIDE World Cadets GU12 2022"]
[Site "Batumi"]
[Date "2022.09.19"]
[Round "4.17"]
[White "Huseynli, Ayan"]
[Black "Shimanskaia, Tatiana"]
[Result "1/2-1/2"]
[ECO "D00"]
[WhiteElo "1572"]
[BlackElo "1353"]
[Annotator "NA COMBH"]
[PlyCount "115"]
[EventDate "2022.09.16"]
[EventType "swiss"]
[EventCountry "GEO"]
[SourceTitle "playchess.com"]
[Source "ChessBase"]
[SourceQuality "1"]
[TimeControl "5400+30"]

1. d4 Nf6 2. e3 g6 3. Bd3 d5 4. Nd2 Bg7 5. f4 c5 6. c3 O-O 7. Ngf3 b6 8. Ne5 Qd6 9. O-O Ba6 10. Bxa6 Nxa6 11. Qf3 Nc7 12. a4 Nd7 13. Qh3 Nxe5 14. fxe5 Qe6 15. Qxe6 Nxe6 16. Nf3 a6 17. b3 Bh6 18. c4 cxd4 19. cxd5 Nc7 20. e4 Bg7 21. Bb2 b5 22. Bxd4 bxa4 23. bxa4 f5 24. exf6 exf6 25. Rac1 Rfc8 26. Rc6 Ne8 27. Rfc1 Nd6 28. Rxc8+ Rxc8 29. Rxc8+ Nxc8 30. Bc5 Bf8 31. Bxf8 Kxf8 32. a5 Ke7 33. Kf2 Nd6 34. Nd2 Nb5 35. Ke3 Kd6 36. Nc4+ Kc5 37. Kd3 f5 38. Nd2 fxe4+ 39. Nxe4+ Kxd5 40. Nf6+ Kc5 41. Nxh7 Nd6 42. Nf8 Kb5 43. Nxg6 Kxa5 44. h4 Nf7 45. h5 Kb4 46. Ne7 Kc5 47. Ke4 Kd6 48. Nd5 a5 49. Nc3 Ke6 50. g4 Kf6 51. Kf4 Kg7 52. g5 Nd6 53. Na4 Nc4 54. Kf5 Nd6+ 55. Ke6 Ne4 56. Kf5 Nd6+ 57. Ke5 Nf7+ 58. Kf5 1/2-1/2

[Event "FIDE World Cadets GU12 2022"]
[Site "Batumi"]
[Date "2022.09.19"]
[Round "4.18"]
[White "Rathnayake, R M Dulinma Hemalni"]
[Black "Saparya Ghosh"]
[Result "0-1"]
[ECO "C42"]
[WhiteElo "1321"]
[BlackElo "1563"]
[Annotator "NA RC COMBH"]
[PlyCount "111"]
[EventDate "2022.09.16"]
[EventType "swiss"]
[EventCountry "GEO"]
[SourceTitle "playchess.com"]
[Source "ChessBase"]
[SourceQuality "1"]
[TimeControl "5400+30"]

1. e4 e5 2. Nf3 Nf6 3. Nc3 Bb4 4. a3 Bxc3 5. dxc3 d6 6. Bc4 h6 7. h3 Nbd7 8. b4 Nb6 9. Bd3 Be6 10. Qe2 c6 11. O-O g5 12. Nh2 Qe7 13. a4 Rg8 14. Ng4 Nxg4 15. hxg4 Nd7 16. f3 Nf6 17. Be3 Kf8 18. Qf2 a6 19. Qe2 Kg7 20. b5 axb5 21. axb5 d5 22. exd5 Nxd5 23. c4 Nf6 24. Bf2 Bd7 25. Rfe1 Rxa1 26. Rxa1 cxb5 27. cxb5 Re8 28. Ra7 Bc8 29. c4 e4 30. Bc2 e3 31. Be1 Qc5 32. Ra4 Qd4 33. Bf5 Bxf5 34. gxf5 Nd5 35. cxd5 Qxa4 36. Bc3+ f6 37. d6 Rd8 38. Qd3 Rd7 39. Kf1 Qf4 40. Ke2 Qxd6 41. Qc4 Qd1+ 42. Kxe3 Qg1+ 43. Ke4 Qb1+ 44. Ke3 Qxf5 45. Kf2 Qc2+ 46. Kg3 Qd3 47. Qc8 Qd6+ 48. Kh3 Rc7 49. Bxf6+ Kxf6 50. Qh8+ Kg6 51. Qe8+ Kg7 52. Qe2 Re7 53. Qb2+ Qe5 54. Qc2 Rf7 55. Qb3 h5 56. g4 0-1